 Dungeon Crawl Stone Soup version 0.27.1-33-g824d729ab1 (webtiles) character file.

Game seed: 8506869088160755385

308 Gabide the Poker (level 6, -5/48 HPs)
             Began as a Mummy Fighter on Dec 3, 2021.
             Was an Initiate of Ashenzari.
             Slain by an iguana (11 damage)
             ... on level 4 of the Dungeon.
             The game lasted 00:04:01 (2901 turns).

Gabide the Poker (Mummy Fighter)                    Turns: 2901, Time: 00:04:02

Health: -5/48      AC: 17    Str: 21    XL:     6   Next: 17%
Magic:  6/6        EV:  5    Int: 17    God:    Ashenzari [......]
Gold:   698        SH:  9    Dex: 11    Spells: 5/5 levels left

rFire    x . .     SeeInvis .   a - +0 trident
rCold    + . .     Faith    .   c - +0 kite shield
rNeg     + + +     Spirit   .   d - +8 chain mail of Precision Catastrophes {Int+9}
rPois    ∞         Reflect  .   (no helmet)
rElec    .         Harm     .   (no cloak)
rCorr    .         Rampage  .   (no gloves)
Will     .....                  (no boots)
Stlth    ..........             (no amulet)
HPRegen  0.16/turn              (no ring)
MPRegen  0.10/turn              (no ring)

@: no status effects
A: cold resistance 1, negative energy resistance 3, torment resistance 2, heat
vulnerability 1, no potions
a: Renounce Religion


You were on level 4 of the Dungeon.
You worshipped Ashenzari.
Ashenzari was noncommittal.
You visited 1 branch of the dungeon, and saw 4 of its levels.

You collected 916 gold pieces.
You spent 218 gold pieces at shops.

Inventory:

Hand Weapons
 a - a +0 trident (weapon)
Armour
 b - a +0 scale mail
 c - a +0 kite shield (worn)
 d - the +8 chain mail of Precision Catastrophes (worn) {Int+9}
   (You bought it in a shop on level 1 of the Dungeon)

   Int:       It affects your intelligence (+9).
Jewellery
 h - a ring of ice
Wands
 j - a wand of polymorph (6)
Scrolls
 e - 3 scrolls of teleportation
 f - 3 scrolls of identify
 g - 2 scrolls of enchant weapon
 i - a scroll of amnesia


   Skills:
 + Level 3.7 Fighting
 * Level 4.0 Polearms
 + Level 3.0 Armour
 + Level 1.0 Dodging
 + Level 3.2 Shields


You had 5 spell levels left.
You didn't know any spells.
Your spell library contained the following spells:

 Spells                   Type           Power      Damage    Failure   Level
 Magic Dart               Conj           0%         1d3       100%        1
 Summon Small Mammal      Summ           0%         N/A       100%        1
 Searing Ray              Conj           0%         3d3       100%        2
 Call Canine Familiar     Summ           0%         N/A       100%        3
 Summon Guardian Golem    Hex/Summ       0%         N/A       100%        3
 Fulminant Prism          Conj/Hex       0%         3d6       100%        4


Dungeon Overview and Level Annotations

Branches:
Dungeon (4/15)
 Temple: D:4-7

Altars:
Ashenzari
Ru

Shops:
D:1 [


Innate Abilities, Weirdness & Mutations

You are immune to poison.
Your flesh is cold resistant. (rC+)
You are immune to negative energy. (rN+++)
You are immune to unholy pain and torment.
You are vulnerable to heat. (rF-)
You do not drink.


Message History

The orc shouts!
You hit the water moccasin skeleton.
The water moccasin skeleton is almost destroyed.
The orc drinks a potion.
The orc seems to speed up.
You block the water moccasin skeleton's attack.
The iguana bites you but does no damage.
Your shield and chain mail of Precision Catastrophes prevent you from hitting the water moccasin skeleton.
The water moccasin skeleton is almost destroyed.
The water moccasin skeleton bites you but does no damage.
You block the iguana's attack.
The water moccasin skeleton closely misses you.
The iguana bites you.
You puncture the water moccasin skeleton!
You destroy the water moccasin skeleton!
The iguana bites you.
Your Polearms skill increases to level 4!
You have reached level 6!
Your experience leads to an increase in your attributes!
Your base attributes are Str 20, Int 8, Dex 11.
Increase (S)trength, (I)ntelligence, or (D)exterity?
You feel stronger.
You hit the iguana but do no damage. You block the iguana's attack.
The orc throws a boomerang.
You block the boomerang.
You completely miss the iguana.
The orc throws a boomerang.
The boomerang barely misses you.
The iguana bites you but does no damage.
The iguana bites you!
You hit the iguana.
The iguana is lightly wounded.
You block the orc's attack.
The iguana bites you but does no damage.
The orc hits you with a +0 great mace.
You hit the orc but do no damage. The orc hits you but does no damage.
You block the iguana's attack. The orc hits you with a +0 great mace!
You barely miss the orc. The orc hits you with a +0 great mace!
* * * LOW HITPOINT WARNING * * *
The iguana bites you.
* * * LOW HITPOINT WARNING * * *
The iguana bites you!
You die...

##
#######......##.#
........#######.#
# ###.......# #.#
# ##....#.^# #.##
# #....##.#
#.....### #....#
.# ### #....
#....# # #####
#....# #####
#..@.# #....
#..ol# #.###
####"# .. .. ..
.#. # .... .. ..
......


You could see an iguana and an orc (fast).

Vanquished Creatures
  A water moccasin skeleton (D:4)
  An orc wizard (D:3)
  Ijyb (D:4)
  A hound skeleton (D:4)
  4 gnolls (D:4)
  9 adders
  3 dart slugs (D:2)
  4 orcs (D:3)
  3 ball pythons
  6 endoplasms
  3 giant cockroaches
  3 goblins
  8 hobgoblins
  4 jackals (D:2)
  3 kobolds (D:2)
  A quokka (D:1)
  5 bats
  6 frilled lizards
  A quokka skeleton (D:4)
  4 rats (D:2)
71 creatures vanquished.

Notes
Turn   | Place    | Note
-------+----------+-------------------------------------------
     0 | D:1      | Gabide the Mummy Fighter began the quest for the Orb.
     0 | D:1      | Reached XP level 1. HP: 18/18 MP: 1/1
    20 | D:1      | Found Tiuradiq's Antique Armour Shoppe.
   174 | D:1      | Found a faded altar of an unknown god.
   293 | D:1      | Identified a scroll of acquirement
   293 | D:1      | Acquired 708 gold pieces
   337 | D:1      | Bought a bloodstained chain mail for 218 gold pieces
   337 | D:1      | Identified the +8 chain mail of Precision Catastrophes
                  | {Int+9} (You bought it in a shop on level 1 of the Dungeon)
   387 | D:1      | Reached XP level 2. HP: 24/24 MP: 2/2
   757 | D:2      | Reached XP level 3. HP: 27/29 MP: 3/3
   791 | D:2      | Reached skill level 2 in Polearms
  1080 | D:2      | Reached XP level 4. HP: 35/35 MP: 4/4
  1909 | D:3      | Found a broken altar of Ashenzari.
  1910 | D:3      | Found a sacrificial altar of Ru.
  1917 | D:3      | Reached XP level 5. HP: 37/41 MP: 5/5
  1925 | D:3      | Became a worshipper of Ashenzari the Shackled
  2404 | D:4      | Reached skill level 3 in Polearms
  2428 | D:4      | Reached skill level 1 in Dodging
  2653 | D:4      | Noticed Ijyb
  2662 | D:4      | Killed Ijyb
  2897 | D:4      | Reached skill level 4 in Polearms
  2897 | D:4      | Reached XP level 6. HP: 39/48 MP: 6/6
  2901 | D:4      | Slain by an iguana

Illustrated notes

Levels and vault maps discovered:
D:1:      minmay_arrival_stair_chambers, layout_rooms, serial_shops,
          nicolae_shop_waterfront, ebering_ecumenical_altar_webs,
          minmay_misc_feat_four_crosses
D:2:      layout_basic
D:3:      wander_river, layout_loops_ring, gammafunk_temple_overflow_pools
D:4:      layout_rooms, minmay_temple_entry_hall, uniq_ijyb, uniq_grinder

Skill      XL: |  1  2  3  4  5 |
---------------+----------------+-----
Polearms       | 2 4 |  4.0
Shields        | 3 |  3.2
Armour         | 3 |  3.0
Dodging        | 1 |  1.0
Fighting       | |  3.7

Action                   |  1- 3 |  4- 6 || total
-------------------------+-------+-------++-------
Melee: Trident           |   114 |   145 ||   259
  Use: Scroll            |     3 |       ||     3
Armor: Scale mail        |    11 |       ||    11
       Chain mail        |    66 |    70 ||   136
Dodge: Dodged            |    30 |    30 ||    60
Block: Kite shield       |    43 |    70 ||   113
